AoeStats
← OrcoDues

MegaRandom

509947115Analyzed
4v4 RM · 3d ago on Sep 28, 2026· 35m 0s· 8 players
Game mode
Random Map
Map size
Large (8 player)
Population
200
Speed
Normal
Resources
Standard
Victory
Conquest
Starting age
Dark Age
Ending age
Imperial Age
RankedLock teamsTeams togetherTeam positionsShared explorationLock speedFull tech treeHidden civsTurbo modeCheats
Victory
Defeat
🇨🇭 Persians · Switzerland
1206
+16
🇮🇹 Vietnamese · Italy
1186
+16
🇮🇹 Magyars · Italy
1171
+17
🇮🇹 Malians · Italy
1151
+18
🇹🇷 Berbers · Türkiye
1321
-22
🇨🇱 Hindustanis · Chile
1164
-15
🇹🇷 Cumans · Türkiye
1156
-15
🇩🇪 Byzantines · Germany
1140
-15
$P4D1N0
0:35 Loom
10:18 Feudal Age
15:19 Castle Age
14:07 Double-Bit Axe
14:04 Horse Collar
16:17 Scale Barding Armor
19:20 Bloodlines
21:36 Husbandry
22:18 Forging
23:20 Gold Mining
25:47 Wheelbarrow
25:56 Chain Barding Armor
28:41 Hand Cart
29:54 Iron Casting
35:02 Imperial Age
34:42 Cavalier
36:01 Plate Barding Armor
Aztecus
8:13 Loom
11:39 Feudal Age
13:42 Double-Bit Axe
17:43 Castle Age
16:24 Fletching
17:49 Padded Archer Armor
18:22 Bodkin Arrow
20:31 Crossbowman
22:33 Leather Archer Armor
28:32 Thumb Ring
30:59 Elite Skirmisher
OrcoDues
0:42 Loom
11:07 Feudal Age
17:20 Castle Age
15:08 Double-Bit Axe
16:14 Horse Collar
17:46 Wheelbarrow
21:00 Hand Cart
24:20 Town Watch
26:41 Bloodlines
28:16 Man-at-Arms
29:08 Forging
29:00 Scale Mail Armor
29:22 Heavy Plow
29:47 Long Swordsman
31:06 Iron Casting
32:20 Chain Mail Armor
33:46 Pikeman
Mr. Magnolia
0:35 Loom
11:23 Feudal Age
13:52 Double-Bit Axe
16:51 Castle Age
15:10 Fletching
17:14 Padded Archer Armor
18:14 Bow Saw
18:42 Bodkin Arrow
23:06 Ballistics
28:38 Wheelbarrow
28:33 Scale Barding Armor
28:46 Leather Archer Armor
28:55 Bloodlines
28:46 Husbandry
31:42 Thumb Ring
37:14 Imperial Age
noziemann
0:36 Loom
10:45 Feudal Age
19:03 Castle Age
17:33 Scale Mail Armor
17:55 Double-Bit Axe
19:23 Forging
19:08 Pikeman
19:11 Elite Skirmisher
20:51 Padded Archer Armor
23:14 Squires
Condorito
0:52 Loom
11:08 Feudal Age
14:08 Double-Bit Axe
16:48 Castle Age
15:34 Horse Collar
15:49 Gold Mining
17:41 Crossbowman
20:45 Fletching
22:08 Padded Archer Armor
22:51 Bodkin Arrow
26:30 Wheelbarrow
27:16 Leather Archer Armor
27:40 Ballistics
32:31 Heavy Plow
Albus
0:40 Loom
12:41 Feudal Age
14:10 Double-Bit Axe
14:28 Horse Collar
19:23 Castle Age
19:08 Wheelbarrow
19:18 Stone Mining
19:19 Gold Mining
20:21 Bloodlines
25:29 Scale Barding Armor
25:34 Forging
28:36 Gold Shaft Mining
29:18 Iron Casting
33:42 Heavy Plow
33:55 Bow Saw
37:46 Imperial Age
Magi
0:36 Loom
11:16 Feudal Age
16:08 Castle Age
14:55 Double-Bit Axe
15:54 Bloodlines
16:25 Scale Barding Armor
17:11 Gold Mining
21:05 Horse Collar
22:08 Forging
23:04 Husbandry
24:53 Wheelbarrow
27:44 Chain Barding Armor
28:21 Bow Saw
34:15 Imperial Age
34:35 Iron Casting
35:32 Plate Barding Armor
Connection lost

Rejoining the realm…

Still unreachable

The connection could not be restored.

Session expired

The server has moved on; the page needs a fresh start.